 Dungeon Crawl Stone Soup version 0.22-a0-266-g5fdf0d7 (webtiles) character file.

264 Zwobot the Caller (level 6, -12/66 HPs)
             Began as a Gnoll Summoner on Mar 8, 2018.
             Was a Believer of Qazlal.
             Mangled by Pikel
             ... wielding a +2 whip of electrocution
              (20 damage)
             ... on level 4 of the Dungeon.
             The game lasted 00:12:37 (2992 turns).

Zwobot the Caller (Gnoll Summoner)                  Turns: 2992, Time: 00:12:39

Health: -12/66     AC: 23    Str: 11    XL:     6   Next: 19%
Magic:  4/13       EV:  2    Int: 18    God:    Qazlal [**....]
Gold:   238        SH:  2    Dex: 16    Spells: 5/15 levels left

rFire    . . .     SeeInvis .   l - +1 trident
rCold    . . .     Gourm    .   (no shield)
rNeg     + + +     Faith    .   (armour currently unavailable)
rPois    +         Spirit   .   (helmet currently unavailable)
rElec    .         Reflect  .   (cloak currently unavailable)
rCorr    .         Harm     .   (gloves currently unavailable)
MR       .....     NoTele   +   (boots currently unavailable)
Stlth    ++........             (no amulet)
HPRegen  0.21/turn              s - ring of wizardry
MPRegen  0.13/turn              (no ring)

@: tree-form
A: distributed training, strong nose
a: Upheaval, Renounce Religion


You were on level 4 of the Dungeon.
You worshipped Qazlal.
Qazlal was pleased with you.
You were hungry.
You were a tree.
You visited 1 branch of the dungeon, and saw 4 of its levels.
You also visited: Sewer.

You collected 238 gold pieces.

Inventory:

Hand Weapons
 d - a +0 dagger
 l - a +1 trident (weapon)
 x - a +0 blowgun
Missiles
 e - 114 stones (quivered)
 y - 8 poisoned needles
Armour
 a - a +0 robe
 j - a +1 leather armour (melded)
 n - a +0 pair of gloves (melded)
 z - a scarf of cloud immunity (melded)
Jewellery
 s - a ring of wizardry (left branch)
 D - an uncursed ring of fire {unknown}
Scrolls
 o - a scroll of remove curse
 C - a scroll of identify
Potions
 g - 2 potions of lignification
 k - 2 potions of flight {unknown}
 m - 3 potions of curing {unknown}
 p - 2 potions of mutation {unknown}
 q - 4 potions of resistance {unknown}
 t - a potion of brilliance {unknown}
 w - 2 potions of might {unknown}
Comestibles
 c - 11 rations


   Skills:
 + Level 1.8 Fighting
 + Level 1.8 Short Blades
 + Level 1.8 Long Blades
 + Level 1.8 Axes
 + Level 1.8 Maces & Flails
 + Level 1.8 Polearms
 + Level 1.8 Staves
 + Level 1.8 Slings
 + Level 1.8 Bows
 + Level 1.8 Crossbows
 + Level 1.8 Throwing
 + Level 1.8 Armour
 + Level 4.9 Dodging
 + Level 4.5 Stealth
 + Level 1.8 Shields
 + Level 1.8 Unarmed Combat
 + Level 5.3 Spellcasting
 + Level 1.4 Conjurations
 + Level 1.4 Hexes
 + Level 1.4 Charms
 + Level 7.2 Summonings
 + Level 1.4 Necromancy
 + Level 1.4 Translocations
 + Level 1.4 Transmutations
 + Level 1.4 Fire Magic
 + Level 1.4 Ice Magic
 + Level 1.4 Air Magic
 + Level 1.4 Earth Magic
 + Level 1.4 Poison Magic
 + Level 2.0 Invocations
 + Level 1.8 Evocations


You had 5 spell levels left.
You knew the following spells:

 Your Spells              Type           Power        Failure   Level  Hunger
a - Summon Small Mammal   Summ           ####         1%          1    None
b - Call Canine Familiar  Summ           ####....     1%          3    ##.....
c - Call Imp              Summ           ####....     1%          2    #......
d - Summon Lightning Spi  Summ/Air       ###.....     9%          4    ####...


Dungeon Overview and Level Annotations

Branches:
Dungeon (4/15)
 Temple: D:4-7

Altars:
Ashenzari
Qazlal
Sif Muna
Xom

Annotations:
D:4 Natasha, Pikel


Innate Abilities, Weirdness & Mutations

Your experience applies equally to all skills.
((You have very sharp teeth.))
Your uncanny sense of smell can sniff out nearby items.


Message History

You are electrocuted!
* * * LOW HITPOINT WARNING * * *
The slave hits you but does no damage.
As you read the scroll labeled IKKI MOHE MEM, it crumbles to dust.
It is a scroll of enchant armour.
Your +0 leather armour glows green for a moment.
Pikel hits you but does no damage. The slave hits you.
* * * LOW HITPOINT WARNING * * *
As you read the scroll labeled BYKEUM EMAMN, it crumbles to dust.
The creatures around you are filled with an inner flame!
It was a scroll of immolation.
Pikel hits you but does no damage. The slave hits you but does no damage.
As you read the scroll labeled UMIETE ILOKH, it crumbles to dust.
You feel a strange sense of stasis.
It was a scroll of teleportation.
Pikel hits you but does no damage. The slave hits you but does no damage.
As you read the scroll labeled KITIUX SEICOROIMM, it crumbles to dust.
You cannot blink because you are held in place by your roots.
It was a scroll of blinking.
Pikel hits you but does no damage.
You are electrocuted!
You die...

.,,,,,,∆,..# ***.##.#######
#********#.# *..#.......#
##### #.## *#.#.......#
#...######..########.#.......#
............pp.......'.....>.#
#.#.#.....#.####pp.K.........#
** #.#.#.##.##.##
#p##.#........# *,
....#.##.##..# #p##...###....#
**
#.....##.###.###♣K§...#_#..###
* ########.###..#####...#'#..#
* #......# #........# *
######.#* #....h...# * #..#
#.######'## * #..#* #.#
#...##### #...*
#.#####..<'.... #.#.#
#.##......##### *
****#.#.###.##.#....#


You could see Pikel (inner flame) and 2 slaves.

Vanquished Creatures
  An ogre (D:4)
  A hound (D:2)
  A dart slug (D:2)
  2 leopard geckos
  An orc (D:3)
  3 giant cockroaches
  5 hobgoblins
  3 jackals
  3 bats (D:1)
  3 frilled lizards
  4 goblins (D:3)
  5 kobolds
  3 rats
35 creatures vanquished.

Vanquished Creatures (collateral kills)
  Purgy (Sewer)
  A hound (D:3)
  Natasha (D:4)
  3 gnolls (D:3)
  3 adders
  An ooze (D:2)
  A worm (D:3)
  2 dart slugs (D:1)
  3 orcs (D:3)
  A bat (D:1)
  2 giant cockroaches (D:3)
  4 goblins
  A hobgoblin (D:1)
  16 jackals
  2 ball pythons
  2 frilled lizards (D:2)
  4 kobolds
  4 rats
52 creatures vanquished.

Grand Total: 87 creatures vanquished

Notes
Turn   | Place    | Note
-------+----------+-------------------------------------------
     0 | D:1      | Zwobot the Gnoll Summoner began the quest for the Orb.
     0 | D:1      | Reached XP level 1. HP: 13/13 MP: 6/6
   326 | D:1      | Reached XP level 2. HP: 14/19 MP: 7/7
   391 | D:1      | Learned a level 2 spell: Call Imp
   922 | D:1      | Reached XP level 3. HP: 20/25 MP: 6/9
  1146 | D:2      | Learned a level 3 spell: Call Canine Familiar
  1186 | D:2      | Reached skill level 5 in Spellcasting
  1274 | D:2      | Found a deep blue altar of Sif Muna.
  1310 | D:2      | Reached skill level 1 in Invocations
  1321 | D:2      | Reached skill level 1 in Fighting
  1321 | D:2      | Reached skill level 1 in Short Blades
  1321 | D:2      | Reached skill level 1 in Long Blades
  1321 | D:2      | Reached skill level 1 in Axes
  1321 | D:2      | Reached skill level 1 in Maces & Flails
  1321 | D:2      | Reached skill level 1 in Polearms
  1321 | D:2      | Reached skill level 1 in Staves
  1321 | D:2      | Reached skill level 1 in Slings
  1321 | D:2      | Reached skill level 1 in Bows
  1321 | D:2      | Reached skill level 1 in Crossbows
  1321 | D:2      | Reached skill level 1 in Throwing
  1321 | D:2      | Reached skill level 1 in Armour
  1321 | D:2      | Reached skill level 1 in Shields
  1321 | D:2      | Reached skill level 1 in Unarmed Combat
  1321 | D:2      | Reached skill level 1 in Evocations
  1321 | D:2      | Reached XP level 4. HP: 26/32 MP: 4/11
  1351 | D:2      | Learned a level 4 spell: Summon Lightning Spire
  1391 | D:2      | Found a shimmering altar of Xom.
  1524 | D:2      | Found a faded altar of an unknown god.
  1540 | D:2      | Became a worshipper of Qazlal Stormbringer
  1540 | D:2      | Reached * piety under Qazlal
  1814 | D:3      | Reached skill level 1 in Conjurations
  1814 | D:3      | Reached skill level 1 in Hexes
  1814 | D:3      | Reached skill level 1 in Charms
  1814 | D:3      | Reached skill level 1 in Necromancy
  1814 | D:3      | Reached skill level 1 in Translocations
  1814 | D:3      | Reached skill level 1 in Transmutations
  1814 | D:3      | Reached skill level 1 in Fire Magic
  1814 | D:3      | Reached skill level 1 in Ice Magic
  1814 | D:3      | Reached skill level 1 in Air Magic
  1814 | D:3      | Reached skill level 1 in Earth Magic
  1814 | D:3      | Reached skill level 1 in Poison Magic
  1953 | D:3      | Reached XP level 5. HP: 23/37 MP: 4/12
  2122 | D:3      | Reached ** piety under Qazlal
  2282 | D:3      | Found a glowing drain.
  2286 | Sewer    | Entered a sewer
  2304 | Sewer    | Noticed Purgy
  2310 | Sewer    | Killed Purgy
  2886 | D:4      | Found a shattered altar of Ashenzari.
  2926 | D:4      | Noticed Natasha
  2927 | D:4      | Killed Natasha
  2934 | D:4      | Noticed an ogre
  2939 | D:4      | Noticed Pikel
  2939 | D:4      | Noticed a slave
  2941 | D:4      | Noticed a slave
  2941 | D:4      | Noticed a slave
  2969 | D:4      | Noticed Natasha
  2972 | D:4      | Noticed a slave
  2979 | D:4      | Killed an ogre
  2979 | D:4      | Reached XP level 6. HP: 44/44 MP: 2/13
  2992 | D:4      | Mangled by Pikel

Vault maps used:
D:1:      saegor_arrival_under_anarchy
D:2:      xom_teletrap_fun, led_sif_pool, chequers_ecumenical_altar_simple
D:3:      gup_sewer_entry_bowl, first_ration
D:4:      kennysheep_mini_moat, lightli_temple_of_fire,
          minmay_misc_feat_columns, uniq_natasha, uniq_grinder, uniq_pikel
Sewer:    kennysheep_door_sewer

Skill      XL: |  1  2  3  4  5 |
---------------+----------------+-----
Spellcasting   | 5 |  5.3
Invocations    | 1 2 |  2.0
Fighting       | 1 |  1.8
Short Blades   | 1 |  1.8
Long Blades    | 1 |  1.8
Axes           | 1 |  1.8
Maces & Flails | 1 |  1.8
Polearms       | 1 |  1.8
Staves         | 1 |  1.8
Slings         | 1 |  1.8
Bows           | 1 |  1.8
Crossbows      | 1 |  1.8
Throwing       | 1 |  1.8
Armour         | 1 |  1.8
Shields        | 1 |  1.8
Unarmed Combat | 1 |  1.8
Evocations     | 1 |  1.8
Conjurations   | 1 |  1.4
Hexes          | 1 |  1.4
Charms         | 1 |  1.4
Necromancy     | 1 |  1.4
Translocations | 1 |  1.4
Transmutations | 1 |  1.4
Fire Magic     | 1 |  1.4
Ice Magic      | 1 |  1.4
Air Magic      | 1 |  1.4
Earth Magic    | 1 |  1.4
Poison Magic   | 1 |  1.4
Dodging        | |  4.9
Stealth        | |  4.5
Summonings     | |  7.2

Action                   |  1- 3 |  4- 6 || total
-------------------------+-------+-------++-------
Melee: Dagger            |    79 |    34 ||   113
       Unarmed           |     8 |       ||     8
       Bite              |     4 |    10 ||    14
       Trident           |       |    56 ||    56
 Cast: Summon Small Mamm |    11 |       ||    11
       Call Imp          |     9 |       ||     9
       Call Canine Famil |     2 |     9 ||    11
       Summon Lightning  |       |    11 ||    11
  Use: Scroll            |       |    11 ||    11
       Potion            |       |     5 ||     5
 Stab: Distracted        |     2 |     1 ||     3
       Sleeping          |     1 |     2 ||     3
  Eat: Chunk             |     2 |     7 ||     9
Armor: Robe              |    11 |       ||    11
       Leather armour    |    11 |    14 ||    25
       Skin              |       |    22 ||    22
Dodge: Dodged            |    80 |    60 ||   140
Block: Other             |       |     4 ||     4

Table legend:
 A = Spawn XP
 B = Non-spawn XP
 C = Spawn XP percentage of total XP
 D = Spawn monster count
 E = Non-spawn monster count
 F = Spawn count percentage of total count
 G = Total turns spent on level
                    A         B        C        D         E        F      G
               +---------+---------+-------+---------+---------+-------+---------
         Total |       0 |     378 |   0.0 |       0 |      87 |   0.0 |  2992
               +---------+---------+-------+---------+---------+-------+---------
           D:1 |       0 |      34 |   0.0 |       0 |      28 |   0.0 |  1133
           D:2 |       0 |      76 |   0.0 |       0 |      24 |   0.0 |   605
           D:3 |       0 |      95 |   0.0 |       0 |      27 |   0.0 |   939
           D:4 |       0 |      95 |   0.0 |       0 |       2 |   0.0 |   156
         Sewer |       0 |      78 |   0.0 |       0 |       6 |   0.0 |   159
               +---------+---------+-------+---------+---------+-------+---------
